 Dungeon Crawl Stone Soup version 0.29.0-4-gdea44cf6ec (webtiles) character file.

Game seed: 13763396173662965222

330 qw the Chopper (level 6, -1/35 HPs)
             Began as a Tengu Warper on Aug 28, 2022.
             Slain by a gnoll
             ... wielding a +0 whip
             ... led by a gnoll sergeant
              (3 damage)
             ... on level 5 of the Dungeon.
             The game lasted 00:00:24 (5223 turns).

qw the Chopper (Tengu Warper)                       Turns: 5223, Time: 00:00:24

Health: -1/35      AC: 11    Str: 14    XL:     6   Next: 51%
Magic:  10/10      EV:  3    Int: 13    God:
Gold:   68         SH: 12    Dex: 13    Spells: 9/9 levels left

rFire   . . .      SeeInvis .   Y - +0 war axe
rCold   . . .      Faith    .   n - +0 tower shield
rNeg    . . .      Spirit   .   g - +0 chain mail
rPois   .          Reflect  .   (helmet restricted)
rElec   .          Harm     .   m - +2 cloak
rCorr   .          Rampage  .   (no gloves)
Will    .....                   (boots unavailable)
Stlth   ..........              (no amulet)
HPRegen 0.11/turn               (no ring)
MPRegen 0.12/turn               (no ring)

@: about to teleport, weak-willed, flying quickly and evasively, quick
A: beak, talons 3, nimble flight
a: no special abilities


You were on level 5 of the Dungeon.
You visited 1 branch of the dungeon, and saw 5 of its levels.

You collected 122 gold pieces.
You spent 54 gold pieces at shops.


Innate Abilities, Weirdness & Mutations

You have a beak for a mouth.
You have claws for feet.
Your magical nature lets you fly swiftly and evasively.


   Skills:
 - Level 2.0 Fighting
 - Level 6.0 Axes
 - Level 1.0 Throwing
 - Level 1.2 Armour
 - Level 2.1 Dodging
 + Level 3.5 Shields
 - Level 2.0 Spellcasting
 - Level 2.4 Translocations


You had 9 spell levels left.
You didn't know any spells.
Your spell library contained the following spells:

 Spells                   Type           Power      Damage    Failure   Level
 Blink                    Tloc           14%        N/A       100%        2
 Gell's Gravitas          Tloc           7%         N/A       100%        3
 Lesser Beckoning         Tloc           7%         N/A       100%        3
 Teleport Other           Tloc           7%         N/A       100%        3
 Manifold Assault         Tloc           7%         N/A       100%        5

Inventory:

Hand Weapons
 q - a +3 hand axe of flaming
 Y - a +0 war axe (weapon)
Missiles
 b - 7 boomerangs (quivered)
Armour
 g - a +0 chain mail (worn)
 m - a +2 cloak (worn)
 n - a +0 tower shield (worn)
Jewellery
 k - a ring of fire
Scrolls
 c - a scroll of identify
 e - a scroll of teleportation
Potions
 a - a potion of haste
 d - a potion of curing

Dungeon Overview and Level Annotations

Branches:
Dungeon (5/15)
 Temple: D:4-7

Altars:
Ru
The Shining One

Shops:
D:3 [

Annotations:
D:2 1 runed translucent door, Crazy Yiuf


Message History

You closely miss the gnoll. You block the gnoll's attack.
The gnoll barely misses you. You block the gnoll's attack.
The gnoll hits you but does no damage. The gnoll hits you with a +0 halberd.
The gnoll sergeant hits you with a +0 trident.
You hit the gnoll but do no damage.
The gnoll is heavily wounded.
You closely miss the gnoll.
You hit the gnoll sergeant but do no damage.
The gnoll hits you but does no damage. x2
You block the gnoll sergeant's attack. The gnoll hits you but does no damage.
You barely miss the gnoll.
The gnoll is heavily wounded.
You hit the gnoll sergeant but do no damage.
You hit the gnoll. You block the gnoll's attack. x2
The gnoll sergeant hits you with a +0 trident.
The gnoll hits you but does no damage. The gnoll sergeant barely misses you.
You block the gnoll's attack. The gnoll hits you but does no damage.
The gnoll barely misses you.
You hit the gnoll. You claw the gnoll.
The gnoll is almost dead.
You hit the gnoll sergeant but do no damage.
You hit the gnoll but do no damage. You block the gnoll's attack.
The gnoll hits you with a +0 halberd.
The gnoll hits you from afar with a +0 spear.
The gnoll sergeant hits you with a +0 trident.
You block the gnoll's attack. You block the gnoll sergeant's attack.
You block the gnoll's attack. The gnoll hits you with a +0 halberd!
5222 ||| READING 2 scrolls of teleportation.
As you read the scroll of teleportation, it crumbles to dust.
You feel strangely unstable.
The gnoll sergeant hits you with a +0 trident.
The gnoll hits you but does no damage. x2; You block the gnoll's attack.
You closely miss the gnoll. You claw the gnoll.
You kill the gnoll!
You hit the gnoll sergeant but do no damage.
You closely miss the gnoll. You block the gnoll's attack.
The gnoll hits you with a +0 whip.
You die...

.8....$..# ..#
............## #.##
....8...!....## #..##
..............####...##
...............##.....#
#...............#.....#
#..............).....##
#....)g.8.!............
#...g.@................
#.8.8.8g8..............
#.............###...<..
#.8.8.8.8.######.......
#.........# #........
#...8.8...# ##.......
#......$... #.......
##.##....... #........
#.........


You could see a gnoll sergeant and 2 gnolls.

Vanquished Creatures
  2 iguanas (D:4)
  4 orc wizards
  Robin (D:2)
  4 gnolls
  5 adders
  2 dart slugs
  11 orcs
  5 endoplasms
  2 giant cockroaches (D:1)
  12 goblins
  9 hobgoblins
  3 jackals (D:3)
  4 kobolds
  3 quokkas
  5 bats
  7 frilled lizards
  6 rats
85 creatures vanquished.

Vanquished Creatures (others)
  4 fungi (D:2)
4 creatures vanquished.

Grand Total: 89 creatures vanquished

Notes
Turn   | Place    | Note
-------+----------+-------------------------------------------
     0 | D:1      | qw the Tengu Warper began the quest for the Orb.
     0 | D:1      | Reached XP level 1. HP: 12/12 MP: 4/4
     0 | D:1      | 0 ||| qw: Version: 0.1-a-89-g26bdef1
     0 | D:1      | 0 ||| qw: Game counter: 574
     0 | D:1      | 0 ||| qw: Always use a shield: true
     0 | D:1      | 0 ||| qw: God list: Okawaru
     0 | D:1      | 0 ||| qw: Allow faded altars: false
     0 | D:1      | 0 ||| qw: Do Orc after D:15 true
     0 | D:1      | 0 ||| qw: Do second Lair branch before Depths: true
     0 | D:1      | 0 ||| qw: Lair rune preference: random
     0 | D:1      | 0 ||| qw: Plans: Normal
     0 | D:1      | 0 ||| PLANNING D:1-11
   357 | D:1      | Found a faded altar of an unknown god.
   411 | D:1      | Reached skill level 3 in Axes
   411 | D:1      | Reached XP level 2. HP: 10/17 MP: 6/6
   544 | D:1      | 544 ||| Stepping ~*~*~tactically~*~*~ (stealth).
   546 | D:1      | 546 ||| Stepping ~*~*~tactically~*~*~ (stealth).
   615 | D:1      | 615 ||| Stepping ~*~*~tactically~*~*~ (stealth).
   633 | D:1      | 633 ||| Stepping ~*~*~tactically~*~*~ (stealth).
  1333 | D:1      | 1333 ||| UPGRADING to +0 chain mail.
  1343 | D:1      | 1343 ||| DROPPING +0 leather armour.
  1344 | D:1      | 1344 ||| READING scroll labelled SATIUDO JIRA.
  1348 | D:1      | 1348 ||| READING scroll labelled BICUIH QUPEMPETUSO.
  1349 | D:1      | 1349 ||| READING scroll labelled POERA LAGRINE.
  1350 | D:1      | 1350 ||| DRINKING 2 fuming puce potions.
  1351 | D:1      | 1351 ||| DROPPING scroll of blinking.
  1352 | D:1      | 1352 ||| DROPPING potion of attraction.
  1523 | D:2      | Reached XP level 3. HP: 21/21 MP: 7/7
  1640 | D:2      | Reached skill level 4 in Axes
  1777 | D:2      | 1777 ||| Stepping ~*~*~tactically~*~*~ (stealth).
  1801 | D:2      | 1801 ||| Stepping ~*~*~tactically~*~*~ (stealth).
  1843 | D:2      | 1843 ||| Stepping ~*~*~tactically~*~*~ (stealth).
  1845 | D:2      | 1845 ||| Stepping ~*~*~tactically~*~*~ (stealth).
  1849 | D:2      | 1849 ||| Stepping ~*~*~tactically~*~*~ (stealth).
  1856 | D:2      | Noticed Robin
  1859 | D:2      | Reached XP level 4. HP: 26/26 MP: 8/8
  1863 | D:2      | Killed Robin
  1955 | D:2      | Reached skill level 5 in Axes
  2183 | D:2      | Found a runed translucent door.
  2184 | D:2      | Noticed Crazy Yiuf
  2396 | D:2      | 2396 ||| UPGRADING to +0 buckler.
  2401 | D:2      | 2401 ||| DRINKING 2 bubbling yellow potions.
  2402 | D:2      | 2402 ||| DRINKING 2 golden potions.
  2403 | D:2      | 2403 ||| READING 2 scrolls of identify.
  2403 | D:2      | 2403 ||| IDENTIFYING cyan potion
  2404 | D:2      | 2404 ||| DROPPING potion of lignification.
  2485 | D:3      | 2485 ||| Stepping ~*~*~tactically~*~*~ (stealth).
  2486 | D:3      | 2486 ||| Stepping ~*~*~tactically~*~*~ (stealth).
  2615 | D:3      | Found Popola's Armour Shoppe.
  2623 | D:3      | 2623 ||| BUYING +0 tower shield (54 gold).
  2623 | D:3      | Bought a +0 tower shield for 54 gold pieces
  2623 | D:3      | 2623 ||| SHOPLISTING +2 cloak of Thoughtfulness {rF- Str+4
                  | SInv} (325 gold, have 11).
  2647 | D:3      | 2647 ||| Stepping ~*~*~tactically~*~*~ (stealth).
  2654 | D:3      | Reached skill level 1 in Shields
  2656 | D:3      | Gained mutation: Your magical nature lets you fly swiftly
                  | and evasively. [Tengu growth]
  2656 | D:3      | Reached XP level 5. HP: 26/30 MP: 9/9
  2683 | D:3      | 2683 ||| Stepping ~*~*~tactically~*~*~ (stealth).
  2740 | D:3      | 2740 ||| Stepping ~*~*~tactically~*~*~ (stealth).
  2741 | D:3      | 2741 ||| SWAPPING to +0 war axe.
  2742 | D:3      | 2742 ||| DROPPING +0 hand axe.
  2756 | D:3      | 2756 ||| Stepping ~*~*~tactically~*~*~ (stealth).
  2759 | D:3      | 2759 ||| Stepping ~*~*~tactically~*~*~ (hiding).
  2909 | D:3      | 2909 ||| Stepping ~*~*~tactically~*~*~ (stealth).
  2910 | D:3      | 2910 ||| Stepping ~*~*~tactically~*~*~ (stealth).
  2911 | D:3      | 2911 ||| Stepping ~*~*~tactically~*~*~ (stealth).
  2912 | D:3      | 2912 ||| Stepping ~*~*~tactically~*~*~ (stealth).
  2914 | D:3      | 2914 ||| Stepping ~*~*~tactically~*~*~ (stealth).
  2926 | D:3      | 2926 ||| Stepping ~*~*~tactically~*~*~ (stealth).
  3170 | D:3      | Reached skill level 6 in Axes
  3299 | D:3      | 3299 ||| DROPPING +0 mace.
  3384 | D:3      | Found a sacrificial altar of Ru.
  3384 | D:3      | Found a glowing golden altar of the Shining One.
  3621 | D:3      | 3621 ||| UPGRADING to +2 cloak.
  3626 | D:3      | 3626 ||| UPGRADING to +0 tower shield.
  3636 | D:3      | 3636 ||| DROPPING +0 buckler.
  3637 | D:3      | 3637 ||| READING scroll labelled EWUYXT BAUMNAJ.
  3638 | D:3      | 3638 ||| READING scroll labelled LUXKEO QAHINK.
  3639 | D:3      | 3639 ||| READING scroll labelled YSSU DUDOCA.
  3640 | D:3      | 3640 ||| READING 2 scrolls of identify.
  3640 | D:3      | 3640 ||| IDENTIFYING fizzy brown potion
  3641 | D:3      | 3641 ||| DROPPING potion of degeneration.
  3642 | D:3      | 3642 ||| Stepping randomly (stuck).
  3643 | D:3      | 3643 ||| Stepping ~*~*~tactically~*~*~ (cloud).
  4120 | D:4      | Reached XP level 6. HP: 32/35 MP: 10/10
  4383 | D:4      | 4383 ||| DRINKING 2 potions of curing.
  4383 | D:4      | 4383 ||| (to cure confusion)
  4388 | D:4      | Reached skill level 3 in Shields
  5182 | D:4      | 5182 ||| DROPPING amulet of faith.
  5183 | D:4      | 5183 ||| DROPPING +6 ring of intelligence.
  5184 | D:4      | 5184 ||| READING scroll labelled VOAJUC DONO.
  5185 | D:4      | 5185 ||| READING 2 scrolls of identify.
  5185 | D:4      | 5185 ||| IDENTIFYING orange potion
  5186 | D:4      | 5186 ||| DROPPING potion of flight.
  5203 | D:5      | Entered Level 5 of the Dungeon
  5221 | D:5      | HP: 2/35 [gnoll/+0 halberd[a gnoll sergeant] (7)]
  5222 | D:5      | 5222 ||| READING 2 scrolls of teleportation.
  5223 | D:5      | Slain by a gnoll

Levels and vault maps discovered:
D:1:      dpeg_arrival_chambers_temple_mockup, layout_loops_ring,
          basic_ecumenical_altar
D:2:      layout_loops_ring, dreamdust_mushroom_princess,
          minmay_close_crescents, uniq_crazy_yiuf_cottage, uniq_robin
D:3:      layout_loops_ring, gammafunk_temple_overflow_elements, serial_shops,
          shop_statue, grunt_ministairs_4
D:4:      layout_loops_corners, chequers_serial_rivers_large_a
D:5:      layout_cave_pods, serial_column_ruins, column_ruins_temple_circle,
          column_ruins_hut, column_ruins_open_large, column_ruins_grid_3,
          column_ruins_open_tiny, column_ruins_grid_4, column_ruins_open_tiny,
          column_ruins_open_small, minmay_manual_mail

Skill      XL: |  1  2  3  4  5  6 |
---------------+-------------------+-----
Axes           | 3 4 5 6 |  6.0
Shields        | 1 2 3 |  3.5
Fighting       | |  2.0
Throwing       | |  1.0
Armour         | |  1.2
Dodging        | |  2.1
Spellcasting   | |  2.0
Translocations | |  2.4

Action                   |  1- 3 |  4- 6 || total
-------------------------+-------+-------++-------
Melee: Hand axe          |    78 |    45 ||   123
       Kick              |    15 |    32 ||    47
       Peck              |     9 |    15 ||    24
       Punch             |     1 |       ||     1
       War axe           |       |    63 ||    63
Throw: Boomerang         |    19 |    26 ||    45
  Use: Scroll            |     3 |     8 ||    11
       Potion            |     1 |     3 ||     4
Armor: Leather armour    |    16 |       ||    16
       Chain mail        |    24 |    73 ||    97
Dodge: Dodged            |    34 |    22 ||    56
Block: Tower shield      |       |    25 ||    25
       Buckler           |       |     1 ||     1

Table legend:
 A = Non-vault XP
 B = Vault XP
 C = Vault XP percentage of total XP
 D = Non-vault monster count
 E = Vault monster count
 F = Vault count percentage of total count
                 A         B        C        D         E       F
            +---------+---------+-------+---------+---------+-------
      Total |     422 |      64 |  13.2 |      63 |      22 |  25.9
            +---------+---------+-------+---------+---------+-------
        D:1 |      29 |       0 |   0.0 |      17 |       0 |   0.0
        D:2 |      42 |      60 |  58.8 |      12 |      20 |  62.5
        D:3 |     136 |       4 |   2.9 |      21 |       2 |   8.7
        D:4 |     201 |       0 |   0.0 |      12 |       0 |   0.0
        D:5 |      14 |       0 |   0.0 |       1 |       0 |   0.0
            +---------+---------+-------+---------+---------+-------
